woodfighter, chaotic female human Wizard A A AA @ ----- @ @D A @A@ @ @ @ |... A@ @ A V - --..---------A @ @ @ @A @ .-- --...|.......| @ & @A @ @ .....D---.P/E|....@..|@ A V A @A ....A.@&+...(AA...@...| V @ ......DT---....|.......| @ A @ --....@..-- --...|.......| A A ----@---- --..--------- @ @A @ A ------- @ @ @ ------...| |... @ @ ......|. @ ALA |...T..A..| ----- --...--...'..D..--...------- |....--...&...--..%.| ---...----+----...--- |...............| ----------------- woodfighter the Wizard Experience level: 30 Strength: 18/42 Dexterity: 23 Constitution: 17 Intelligence: 19 Wisdom: 19 Charisma: 13 Health: 166(166) Energy: 197(391) Def: 57 Gold: 0 Moves: 34300 Dungeon seed [set]: Game ID: woodfighter_1679499091 Your Inventory: Amulets G - the blessed Eye of the Aethiopica L - a blessed amulet of life saving N - a blessed amulet of flying (being worn) Weapons a - the blessed rustproof +7 Magicbane (weapon in hand) Armor e - a blessed +5 cloak of magic resistance (being worn) l - a blessed +5 pair of speed boots (being worn) n - a blessed greased +6 elven leather helm (being worn) r - a blessed silver-scaled +5 leather armor (being worn) E - a blessed +5 small shield (being worn) H - a blessed burnt +5 pair of gauntlets of dexterity (being worn) Y - a blessed +5 Hawaiian shirt (being worn) Comestibles Z - a blessed lizard corpse Spellbooks i - the uncursed Book of the Dead Potions I - a blessed diluted potion of full healing Rings c - a blessed +2 ring of protection (on right hand) P - a blessed ring of free action (on left hand) Wands d - a blessed wand of fire (0:6) f - a blessed wand of teleportation (0:6) g - a blessed wand of digging (0:8) V - a blessed wand of secret door detection (0:12) Tools b - a blessed stethoscope m - a blessed magic lamp q - a blessed +0 unicorn horn s - a blessed bag of holding y - a blessed iron key A - a blessed pair of lenses (being worn) F - the blessed Candelabrum of Invocation (7 candles attached) (0:396) U - the blessed Bell of Opening (0:2) W - a blessed towel Gems B - a blessed luckstone Contents of the bag of holding: 2000 gold pieces a blessed amulet of life saving 23 blessed K-rations 5 blessed lizard corpses 2 blessed lumps of royal jelly 2 blessed sprigs of wolfsbane 5 blessed scrolls of blank paper 5 uncursed scrolls of blank paper 5 cursed scrolls of blank paper a blessed scroll of charging an uncursed scroll of enchant armor a blessed scroll of enchant weapon an uncursed scroll of enchant weapon a cursed scroll of enchant weapon an uncursed scroll of genocide a blessed scroll of gold detection 6 uncursed scrolls of gold detection 3 blessed scrolls of taming a cursed scroll of teleportation 3 uncursed scrolls of wishing 2 cursed scrolls of wishing a blessed spellbook of magic missile 26 blessed diluted potions of full healing 6 blessed potions of full healing a blessed potion of gain energy 3 uncursed potions of gain energy 6 potions of holy water 2 potions of unholy water an uncursed ring of conflict an uncursed ring of free action an uncursed +1 ring of protection an uncursed ring of regeneration a blessed wand of death (0:4) a blessed wand of death (0:3) a blessed wand of digging (0:8) an uncursed wand of digging (0:7) an uncursed wand of digging (0:7) an uncursed wand of fire (0:5) a blessed wand of secret door detection (0:14) a blessed wand of teleportation (0:7) a blessed wand of teleportation (0:6) a blessed can of grease (0:18) an uncursed can of grease (0:13) a blessed magic lamp an uncursed magic marker (0:91) an uncursed magic marker (0:69) an uncursed magic marker (0:67) an uncursed magic marker (0:42) an uncursed magic marker (0:8) an uncursed magic marker (0:4) an uncursed magic marker (0:0) a blessed +0 pick-axe a blessed +0 unicorn horn a blessed +0 unicorn horn an uncursed +0 unicorn horn an uncursed +0 unicorn horn an uncursed +0 unicorn horn an uncursed +0 unicorn horn 5 uncursed diamonds 3 uncursed dilithium crystals 30 uncursed emeralds 7 uncursed rubies 2 uncursed sapphires Spells and supernatural/magical abilities: Name Level Category Fail Memory a - force bolt 1 attack 0% 95% b - knock 1 matter 0% 96% c - haste self 3 escape 0% 95% d - cure blindness 2 healing 0% 95% e - create monster 2* clerical 0% 0% f - wizard lock 2 matter 0% 96% g - extra healing 3 healing 0% 95% h - light 1 divination 0% 10% i - detect monsters 1 divination 0% 95% j - cause fear 3 enchantment 0% 20% k - teleport away 6 escape 0% 96% l - sleep 2 enchantment 0% 29% m - magic missile 2 attack 0% 96% n - cone of cold 4 attack 0% 95% o - fireball 4 attack 0% 95% p - remove curse 3 clerical 0% 96% q - stone to flesh 3 healing 0% 35% r - detect unseen 3 divination 0% 96% s - healing 1 healing 0% 95% t - levitation 4 escape 0% 96% u - restore ability 4 healing 0% 96% v - magic mapping 5 divination 0% 96% w - drain life 3 attack 0% 95% x - cure sickness 3 healing 0% 95% y - clairvoyance 3 divination 0% 95% z - identify 3 divination 0% 95% A - polymorph 6 matter 66% 64% B - turn undead 4 clerical 0% 64% C - invisibility 4 escape 0% 81% D - charm monster 5 enchantment 0% 95% E - detect food 2* divination 0% 0% F - detect treasure 4 divination 0% 84% G - finger of death 7 attack 0% 95% H - dig 2 matter 0% 95% I - slow monster 1 enchantment 0% 88% W - pray for help -- divine ? -- Your skills at the end: Miscellaneous Skills shield [Skilled] wands [Skilled] stealth [Skilled] Weapon Skills dagger [Basic] quarterstaff [Basic] Spellcasting Skills attack spells [Expert] healing spells [Skilled] divination spells [Expert] enchantment spells [Basic] clerical spells [Basic] escape spells [Expert] matter spells [Basic] Final Attributes: You were piously aligned. You were fire resistant. You were cold resistant. You were sleep resistant. You were disintegration-resistant. You were shock resistant. You were poison resistant. You were magic-protected. You saw invisible. You were telepathic. You were warned. You had automatic searching. You were sensing the presence of monsters. You were stealthy. You had teleport control. You could fly. You were protected. You were very fast. You had reflection. You had free action. You were extremely lucky. You had extra luck. Good luck did not time out for you. You survived. Vanquished creatures: Asmodeus Dispater Orcus Juiblex The Wizard of Yendor (twice) 2 arch-liches a high priest 6 ancient green dragons 2 mammoths 10 krakens Vlad the Impaler Medusa Croesus 5 iron golems 7 master liches a silver dragon 5 red dragons a white dragon 2 black dragons a blue dragon 8 green dragons 5 storm giants 2 titans 3 deep ettins 3 glass golems 5 balrogs 5 purple worms 13 minotaurs 5 jabberwocks The Dark One 6 titanotheres 2 Angels a young gray dragon 6 young red dragons 9 young white dragons 3 young orange dragons 5 young black dragons 4 young blue dragons 47 young green dragons a young yellow dragon 5 demiliches 5 stone golems 10 master mind flayers 15 Olog-hai a Nazgul 10 pit fiends 16 sandestins 7 hell hounds 8 trappers 8 baby green dragons 2 gryphons 3 guardian nagas 6 disenchanters 3 dire bears 33 vampire lords 7 shades 8 skeletons 2 prisoners an aligned priest a captain 12 liches 10 clay golems 4 nurses 23 ice devils 4 nalfeshnees 9 lurkers above 2 frost giants 5 black puddings 42 vampires 60 ghosts 3 ettins 8 lieutenants a rogue 2 wizards a queen bee 3 winged gargoyles 4 mind flayers 16 giant mimics a fire giant 8 ogre kings 5 Elvenkings 3 ice trolls 12 rock trolls 3 grizzly bears 2 umber hulks 3 flesh golems 12 doppelgangers 22 hezrous 22 bone devils 3 salamanders 11 large mimics 3 wumpuses 4 fire vortices 2 long worms a couatl 10 stalkers 4 air elementals 7 fire elementals 4 water elementals 6 hill giants 2 giant mummies 4 black nagas 7 elf-lords 3 xorns 26 giant zombies 20 sergeants 2 barbed devils 19 vrocks 10 wargs 5 winter wolves 5 hell hound pups 15 quantum mechanics 11 small mimics 4 island nymphs 4 glass piercers 4 warhorses 4 steam vortices 13 xans a baby gryphon 8 ettin mummies 6 ogre lords 23 trolls 10 brown bears 3 wood golems 2 werebears 7 mariliths 4 pyrolisks a large dog 5 stinking spheres 5 freezing spheres 5 flaming spheres 6 shocking spheres a large cat 3 tigers 9 gargoyles 2 dwarf kings 11 tengu 8 gelatinous cubes 10 ochre jellies 5 crocodiles 9 chameleons 4 leocrottas 3 energy vortices 4 mountain centaurs 11 giants 3 elf mummies 6 human mummies 6 red nagas 3 green slimes 11 Grey-elves 2 pythons 5 cobras 8 black bears 97 wraiths 16 ettin zombies 2 leather golems 116 soldiers a horned devil 14 succubi 13 incubi 6 giant beetles 19 cockatrices 12 wolves 2 winter wolf cubs 8 black lights a lynx 4 panthers 18 gremlins 32 leprechauns 9 quivering blobs 4 spotted jellies 10 lizards 9 mountain nymphs 3 orc-captains 4 mumakil 9 giant spiders 4 scorpions 6 iron piercers 2 horses an ice vortex 83 vampire bats 6 forest centaurs 9 gnome kings 15 piranhas 15 giant eels 6 orc mummies 2 dwarf mummies 6 ogres 4 brown puddings 8 Green-elves 9 rust monsters 15 owlbears 7 yetis 6 gold golems 8 werewolves 9 chickatrices 6 dogs 5 dingos a housecat 7 jaguars 2 dwarf lords 8 blue jellies 11 water nymphs 4 white unicorns 5 gray unicorns a black unicorn a dust vortex 7 ravens 4 plains centaurs a gnome mummy 4 Woodland-elves 21 pit vipers 6 apes 21 human zombies 10 rope golems 12 soldier ants 8 fire ants 8 yellow lights 25 bugbears 4 imps a wood nymph 8 Mordor orcs 32 Uruk-hai 3 orc shamans 2 rock moles 7 rock piercers a pony 8 fog clouds 2 shriekers 4 violet fungi 23 gnome lords 17 gnomish wizards 4 jellyfish a kobold mummy 15 gray oozes 2 barrow wights 30 elf zombies 27 ghouls 6 giant ants a puppy 9 floating eyes 22 dwarves 4 homunculi 3 quasits 6 kobold lords 2 kobold shamans 8 iguanas 28 hill orcs 20 rothes 3 rabid rats 3 centipedes 7 jitterbugs 12 giant bats a monkey 26 orc zombies 30 dwarf zombies 3 wererats 3 werejackals 60 killer bees 4 coyotes 2 gas spores 5 hobbits 5 acid blobs 6 large kobolds 8 geckos 30 hobgoblins 15 giant rats 5 cave spiders 6 brown molds 4 yellow molds 5 green molds 7 red molds 65 gnomes 24 garter snakes 11 manes 15 gnome zombies 14 jackals 4 foxes 5 kobolds 13 newts 7 goblins 8 sewer rats 13 grid bugs 5 bats 9 lichens 18 kobold zombies 4 humans 2635 creatures vanquished. Genocided or extinct species: soldiers (extinct) 1 species extinct. Voluntary challenges: You were not displaced. You donated to temples 6 times (receiving 10 points of protection), starting on turn 15129. You received temple protection 7 times, starting on turn 7826. You used a wielded weapon 73 times, starting on turn 352. You did not use plumbed fixtures. You read items or engraved 645 times, starting on turn 1998. You never genocided any monsters. You never polymorphed an object. You never changed form. You completed Sokoban on turn 5727, according to the rules. You used no wishes. You equipped an artifact on turn 10549. You never split a pudding. You never wrote Elbereth's name. You violated your moral code, losing 27 points of alignment, starting on turn 10936. You enabled loading special bones files. Dungeon overview: The Dungeons of Doom: levels 1 to 31 Level 1 (water) a vault, a fountain stairs to The Elemental Planes Level 2 a vault, a general store, a fountain, a sink Level 3 a vault, a general store, an altar to Ptah Level 4 stairs to The Gnomish Mines Level 5 a vault, a fountain, a bench, a throne Level 6 many fountains Level 7 a fountain stairs to Sokoban Level 8 a fountain, a sink, a bench Level 9 a temple to Anhur, a fountain Level 10 a vault, some fountains Level 11 (water) a fountain, a sink Level 12 (quest) a fountain, a throne portal to The Quest Level 13 a vault Level 14 an altar to Ptah, a sink Level 15 (big room) Level 16 (rogue) Level 17 a bench, a throne Level 18 an empty vault, a fountain, a sink portal to Fort Ludios Level 19 some fountains Level 20 a fountain Level 21 a sink Level 22 (water) Level 23 a fountain Level 24 a fountain, a sink Level 25 Level 26 Level 27 Level 28 Level 29 Level 30 a fountain Level 31 a magic chest, many sinks, many benchs Gehennom: levels 32 to 58 Level 32 a temple to Moloch, a magic chest stairs to The Dungeons of Doom Level 33 Level 34 Level 35 (asmodeus) a magic chest Level 36 Level 37 Level 38 (juiblex) a fountain Level 39 Level 40 stairs to Vlad's Tower Level 41 Level 42 (Dispater) a magic chest Level 43 Level 44 (orcus) some shops, an altar to Moloch, a magic chest Level 45 Level 46 Level 47 Level 48 (wizard) a magic chest Level 49 Level 50 portal to Gehennom Level 51 Level 52 Level 53 Level 54 Level 55 portal to Gehennom Level 56 Level 57 Level 58 The Gnomish Mines: levels 5 to 12 Level 5 stairs to The Dungeons of Doom Level 6 Level 7 Level 8 (bones?) many shops, a temple to Ptah, a magic chest, some fountains Level 9 Level 10 Level 11 Level 12 a magic chest, a fountain The Quest: levels 1 to 5 Level 1 a magic chest portal to The Dungeons of Doom Level 2 Level 3 Level 4 Level 5 a temple to Ptah Sokoban: levels 3 to 6 Level 3 a magic chest Level 4 Level 5 Level 6 (bell+candelabrum under boulder) an altar to Anhur, a magic chest stairs to The Dungeons of Doom Fort Ludios: Level 1 (water) a magic chest, a throne portal to The Dungeons of Doom Vlad's Tower: levels 37 to 39 Level 37 a throne Level 38 an altar to Moloch Level 39 stairs to Gehennom The Elemental Planes: Astral Plane <- You were here a high altar Plane 4 portal to The Elemental Planes Plane 3 portal to The Elemental Planes Plane 2 portal to The Elemental Planes Plane 1 portal to The Elemental Planes History has recorded: On T:1 you entered the Dungeons of Doom to retrieve the Amulet of Yendor! On T:281 you reached level 2 of The Dungeons of Doom. On T:492 you reached level 3 of The Dungeons of Doom. On T:592 you advanced to experience level 2. On T:875 you advanced to experience level 3. On T:1190 you reached level 4 of The Dungeons of Doom. On T:1336 you reached level 5 of The Dungeons of Doom. On T:1430 you advanced to experience level 4. On T:1680 you reached level 6 of The Dungeons of Doom. On T:1910 you reached level 1 of The Gnomish Mines. On T:2002 you reached level 7 of The Dungeons of Doom. On T:2006 you advanced to experience level 5. On T:2508 you advanced to experience level 6. On T:2907 you reached level 8 of The Dungeons of Doom. On T:3190 you reached level 4 of Sokoban. On T:3445 you opened a magic chest. On T:4055 you reached level 3 of Sokoban. On T:4244 you advanced to experience level 7. On T:4268 you reached level 2 of Sokoban. On T:4760 you reached level 1 of Sokoban. On T:5727 you advanced to experience level 8. On T:5727 you entered the Sokoban zoo. On T:6414 you reached level 2 of The Gnomish Mines. On T:7025 you reached level 3 of The Gnomish Mines. On T:7302 you reached level 4 of The Gnomish Mines. On T:7684 you entered the Minetown temple On T:7922 you advanced to experience level 9. On T:7951 you reached level 5 of The Gnomish Mines. On T:8256 you reached level 6 of The Gnomish Mines. On T:8519 you reached level 7 of The Gnomish Mines. On T:8975 you reached level 8 of The Gnomish Mines. On T:8975 you reached the bottom of the Mines. On T:10247 you advanced to experience level 10. On T:10343 you reached level 9 of The Dungeons of Doom. On T:10438 you reached level 10 of The Dungeons of Doom. On T:10546 you received Magicbane from Anhur. On T:10571 you advanced to experience level 11. On T:10726 you reached level 11 of The Dungeons of Doom. On T:11169 you reached level 12 of The Dungeons of Doom. On T:11481 you reached level 13 of The Dungeons of Doom. On T:11501 you reached level 1 of The Quest. On T:11645 you reached level 14 of The Dungeons of Doom. On T:12051 you reached level 15 of The Dungeons of Doom. On T:12273 you reached level 16 of The Dungeons of Doom. On T:12273 you entered the Rogue tribute level. On T:12600 you reached level 17 of The Dungeons of Doom. On T:13219 you reached level 18 of The Dungeons of Doom. On T:13297 you reached level 19 of The Dungeons of Doom. On T:14806 you advanced to experience level 12. On T:15729 you prayed to Anhur. On T:15910 you advanced to experience level 13. On T:15955 you received Trollsbane from Anhur. On T:17580 you reached Fort Ludios. On T:18737 you advanced to experience level 14. On T:18740 you embarked upon an epic quest. On T:18740 you unlocked the scurrid race by qualifying for the Wizard quest. On T:18821 you reached level 2 of The Quest. On T:18910 you reached level 3 of The Quest. On T:19460 you reached level 4 of The Quest. On T:19510 you reached level 5 of The Quest. On T:19792 you advanced to experience level 15. On T:19861 you killed Dark One on level 5 of The Quest. On T:20149 you completed the quest! On T:20575 you advanced to experience level 16. On T:20835 you killed Croesus in Fort Ludios. On T:21690 you reached level 20 of The Dungeons of Doom. On T:21937 you reached level 21 of The Dungeons of Doom. On T:22168 you reached level 22 of The Dungeons of Doom. On T:22400 you reached level 23 of The Dungeons of Doom. On T:22580 you advanced to experience level 17. On T:22681 you reached level 24 of The Dungeons of Doom. On T:22912 you reached level 28 of The Dungeons of Doom. On T:23087 you reached level 29 of The Dungeons of Doom. On T:23188 you reached level 27 of The Dungeons of Doom. On T:23292 you reached level 30 of The Dungeons of Doom. On T:23487 you reached level 26 of The Dungeons of Doom. On T:23491 you killed Medusa on level 26 of The Dungeons of Doom. On T:24444 you advanced to experience level 18. On T:24538 you reached level 25 of The Dungeons of Doom. On T:26030 you reached The Castle. On T:26501 you reached The Valley of the Dead. On T:27161 you advanced to experience level 19. On T:27163 you advanced to experience level 20. On T:27294 you advanced to experience level 21. On T:27878 you reached level 2 of Gehennom. On T:28043 you reached level 3 of Gehennom. On T:28070 you advanced to experience level 22. On T:28420 you reached level 4 of Gehennom. On T:29116 you reached level 5 of Gehennom. On T:29244 you killed Asmodeus on level 2 of Gehennom. On T:29458 you reached level 6 of Gehennom. On T:29561 you reached level 7 of Gehennom. On T:29871 you killed Juiblex on level 7 of Gehennom. On T:29883 you reached level 8 of Gehennom. On T:30034 you reached level 9 of Gehennom. On T:30037 you advanced to experience level 23. On T:30207 you reached level 10 of Gehennom. On T:30294 you reached level 3 of Vlad's Tower. On T:30385 you reached level 2 of Vlad's Tower. On T:30453 you reached level 1 of Vlad's Tower. On T:30534 you killed Vlad the Impaler on level 1 of Vlad's Tower. On T:30710 you reached level 11 of Gehennom. On T:30938 you advanced to experience level 24. On T:30976 you killed Dispater on level 11 of Gehennom. On T:31139 you reached level 12 of Gehennom. On T:31148 you reached level 13 of Gehennom. On T:31247 you reached level 26 of Gehennom. On T:31263 you reached level 25 of Gehennom. On T:31533 you killed Orcus on level 13 of Gehennom. On T:31534 you reached level 14 of Gehennom. On T:31724 you advanced to experience level 25. On T:31788 you reached level 15 of Gehennom. On T:31799 you reached level 16 of Gehennom. On T:31864 you reached level 17 of Gehennom. On T:31917 you reached level 18 of Gehennom. On T:31930 you reached level 19 of Gehennom. On T:32013 you reached level 20 of Gehennom. On T:32040 you reached level 21 of Gehennom. On T:32058 you advanced to experience level 26. On T:32073 you reached level 22 of Gehennom. On T:32083 you reached level 23 of Gehennom. On T:32155 you reached level 24 of Gehennom. On T:32334 you advanced to experience level 27. On T:33389 you advanced to experience level 28. On T:33390 you advanced to experience level 29. On T:33390 you advanced to experience level 30. On T:33576 you killed Wizard of Yendor on level 17 of Gehennom. On T:33585 you performed the invocation. On T:33586 you reached level 27 of Gehennom. On T:33686 you killed high priest of Moloch on level 27 of Gehennom. On T:33688 you gained the Amulet of Yendor! On T:34164 you reached the Plane of Water. On T:34164 you killed Wizard of Yendor on the Plane of Water. On T:34192 you reached the Plane of Fire. On T:34216 you reached the Plane of Air. On T:34241 you reached level 2 of The Elemental Planes. On T:34274 you reached the Astral Plane. On T:34300 you lost the Amulet of Yendor. On T:34300 you offered the Amulet of Yendor to Anhur and ascended to the status of Demigoddess! Score breakdown: Gold: 2000 ( 200 points) Experience: 30 levels ( 2000 points) Exploration: 58 levels ( 2000 points) Discoveries: 194 items ( 2000 points) Variety of kills: 287 monsters ( 2000 points) Major goal: ascended ( 5000 points) Ascension bonuses Valuables value: 139450 ( 2000 points) Artifacts: 2 ( 2000 points) Speed bonus: 34300 turns ( 3285 points) Conduct bonus: 8 conducts (17900 points) Survival: ascended (score multiplied by 10) Total score: 383850 Latest messages: You see here an owlbear corpse. The demilich drinks a potion of gain level! The demilich seems more experienced. The master lich turns to flee! The Angel of Moloch casts a spell at the barbed devil! The barbed devil is hit by a shower of missiles! A master lich blocks your way. You feel the amulet draining your energy away. The magic missile hits the master lich! The magic missile bounces! You feel the amulet draining your energy away. The magic missile hits the master lich! The magic missile bounces! You feel the amulet draining your energy away. You destroy the master lich! Something's body crumbles into dust. The magic missile bounces! The guardian Angel of Anhur casts a spell at the priest of Moloch! The priest of Moloch is hit by a shower of missiles! You offer the Amulet of Yendor to Anhur... An invisible choir sings, and you are bathed in radiance... The voice of Anhur thunders: "Congratulations, mortal!" "In return for thy service, I grant thee the gift of Immortality!" You ascend to the status of Demigoddess... Final status: Goodbye woodfighter the Demigoddess, ascended... You went to your reward with 383850 points, Magicbane (worth 3500 zorkmids) The Eye of the Aethiopica (worth 4000 zorkmids) 30 emeralds (worth 75000 zorkmids), 7 rubies (worth 24500 zorkmids), 5 diamonds (worth 20000 zorkmids), 3 dilithium crystals (worth 13500 zorkmids), 2 sapphires (worth 6000 zorkmids), 2 amulets of life saving (worth 300 zorkmids), 1 amulet of flying (worth 150 zorkmids), and 2000 pieces of gold, after 34300 moves. You were level 30 with a maximum of 166 hit points when you ascended.